[Event "*** SCC Grand Prix: Titled Tuesday Blitz"]
[Site "Chess.com"]
[Date "2020.08.04"]
[Round "6"]
[White "Zkid"]
[Black "Beca95"]
[Result "1-0"]
[WhiteElo "2818"]
[BlackElo "2877"]
[TimeControl "180+1"]
[EndTime "14:49:42 PDT"]
[Termination "Zkid won by resignation"]

1. e4 c5 2. Nf3 d6 3. d4 cxd4 4. Nxd4 Nf6 5. f3 e5 6. Nb3 Be6 7. c4 Nbd7 8. Nc3 Be7 9. Be3 O-O 10. Be2 a5 11. a4 Nb6 12. Nd5 Nbxd5 13. cxd5 Bd7 14.
O-O Qb8 15. Bb5 Bxb5 16. axb5 a4 17. Nd2 Qe8 18. Qe2 Ra5 19. b6 Nd7 20. Rfc1 Nc5 21.
b4 Rb5 22. bxc5 dxc5 23. Rxa4 Rxb6 24. Rac4 Rb2 25. Bxc5 Bxc5+ 26. Rxc5 Qe7 27. Qe3 h5 28. d6 Qe6 29. Nc4 Ra2 30. Rxe5 Qg6 31. Qg5 Qxg5 32. Rxg5 Rc8 33. d7 Rd8 34. Nb6 Kf8 35. Rc8 Ke7 36. Re5+ 1-0

[Event "*** SCC Grand Prix: Titled Tuesday Blitz"]
[Site "Chess.com"]
[Date "2020.08.04"]
[Round "6"]
[White "Keithonsky"]
[Black "GigaQuparadze"]
[Result "0-1"]
[WhiteElo "2560"]
[BlackElo "2923"]
[TimeControl "180+1"]
[EndTime "14:49:43 PDT"]
[Termination "GigaQuparadze won by resignation"]

1. d4 Nf6 2. c4 e6 3. Nf3 b6 4. g3 Bb4+ 5. Bd2 c5 6. Bxb4 cxb4 7. a3 bxa3 8. Nxa3 O-O 9. Bg2 Bb7 10. O-O a5 11. Nb5 Na6 12. Qb3 Nb4 13. Rfc1 d5 14.
c5 Ba6 15. Nc3 bxc5 16. dxc5 Rc8 17. Qa3 Rxc5 18. Nd4 Qb6 19. Nb3 Rc7 20. Qxa5 Qxa5 21. Nxa5 Rfc8 22. e3 h6 23. Nb3 Bc4 24. Nd4 Nd3 25.
Rcb1 Rb8 26. Bf1 Ne5 27. Ncb5 Rcb7 28. f4 Bxf1 29. fxe5 Bxb5 30. exf6 gxf6 31. b3 Kg7 32. Rc1 Bd3 33. Rc3 Be4 34. Ra3 e5 35. Ne2 Rb4 36. Kf2 d4 37. exd4 exd4 38. Rc4 d3 39. Nc3 Bg6 40.
Rxb4 Rxb4 41. Ke3 h5 42. Kd2 h4 43. Nd5 Rg4 44. Nf4 hxg3 45. hxg3 Rxg3 46. Nxg6 fxg6 47. b4 Rg2+ 48. Ke3 Rb2 49. Ra7+ Kh6 50. Rb7 d2 51. Ke2 g5 52. b5 g4 53. Rb8 Kg5 54. b6 Kf4 55. b7 f5 56. Kd3 d1=Q+ 0-1

[Event "*** SCC Grand Prix: Titled Tuesday Blitz"]
[Site "Chess.com"]
[Date "2020.08.04"]
[Round "6"]
[White "BogdanDeac"]
[Black "Bigfish1995"]
[Result "0-1"]
[WhiteElo "2768"]
[BlackElo "2981"]
[TimeControl "180+1"]
[EndTime "14:49:46 PDT"]
[Termination "Bigfish1995 won on time"]

1. e4 e5 2. Nf3 Nc6 3. Bb5 a6 4. Bxc6 dxc6 5. Nc3 Bd6 6. d4 exd4 7. Qxd4 f6 8. O-O Ne7 9. e5 fxe5 10. Nxe5 c5 11. Qf4 Bf5 12. Re1 Qc8 13. Ne4 O-O 14. Nxd6 cxd6 15.
Nc4 Nd5 16. Qg3 Bxc2 17. b3 Rf6 18. Bg5 Rg6 19. Rac1 Qf5 20. h4 h6 21. Nxd6 Qd3 22. Qxd3 Bxd3 0-1

[Event "*** SCC Grand Prix: Titled Tuesday Blitz"]
[Site "Chess.com"]
[Date "2020.08.04"]
[Round "6"]
[White "NotFischer"]
[Black "alexrustemov"]
[Result "0-1"]
[WhiteElo "2203"]
[BlackElo "2723"]
[TimeControl "180+1"]
[EndTime "14:49:47 PDT"]
[Termination "alexrustemov won on time"]

1. e4 e6 2. d4 d5 3. e5 c5 4. c3 Qb6 5. Nf3 Bd7 6. Bd3 cxd4 7.
cxd4 Nc6 8. O-O Nxd4 9. Nbd2 Nc6 10. Nb3 Nge7 11. Be3 Qc7 12. Rc1 Ng6 13. Re1 Be7 14. g3 O-O 15. h4 f6 16. Bxg6 hxg6 17. Qd3 Kf7 18. Nbd4 Rac8 19. a3 a6 20. Kg2 Rh8 21. Bf4 Qb6 22. exf6 gxf6 23. Nxe6 Bxe6 24. Rxe6 Kxe6 25.
Re1+ Kf7 26. Qxd5+ Kg7 27. Qd7 Qd8 28. Qxb7 Re8 29.
Ne5 Nxe5 30. Bxe5 fxe5 31. Rxe5 Qd6 32. Qe4 Qc6 33. Rd5 Bf6 34. Qd3 Rcd8 0-1

[Event "*** SCC Grand Prix: Titled Tuesday Blitz"]
[Site "Chess.com"]
[Date "2020.08.04"]
[Round "6"]
[White "davigator"]
[Black "arminmusovic"]
[Result "0-1"]
[WhiteElo "2281"]
[BlackElo "2502"]
[TimeControl "180+1"]
[EndTime "14:49:59 PDT"]
[Termination "arminmusovic won by resignation"]

1. e4 c6 2. d4 d5 3. e5 c5 4. dxc5 Nc6 5. c3 Nh6 6. Bb5 e6 7. Nf3 Bxc5 8. O-O Nf5 9. b4 Be7 10. a4 a6 11. Bd3 g6 12. Nbd2 f6 13. b5 Nxe5 14. Nxe5 fxe5 15. Re1 e4 16. Bf1 O-O 17. c4 Bc5 18. Nb3 Ba7 19. c5 Bb8 20. g3 Nh4 21. Bg2 Nxg2 22. Kxg2 axb5 23. axb5 Rxa1 24. Nxa1 Qf6 25.
Be3 Qf5 26. h3 e5 27. g4 Qf3+ 28. Qxf3 exf3+ 29. Kg1 h5 30. Bh6 Rf7 31. Nc2 hxg4 32. hxg4 Bxg4 33. Ne3 Be6 34. Ra1 Kh7 35. Ra8 Kxh6 36. Rxb8 d4 37. Nf1 Bd5 38. Rd8 Bc4 39. c6 Bxb5 40. cxb7 Rxb7 41. Rd7 Rxd7 0-1

[Event "*** SCC Grand Prix: Titled Tuesday Blitz"]
[Site "Chess.com"]
[Date "2020.08.04"]
[Round "6"]
[White "Hangar-18"]
[Black "cukin84"]
[Result "1-0"]
[WhiteElo "2360"]
[BlackElo "2173"]
[TimeControl "180+1"]
[EndTime "14:50:00 PDT"]
[Termination "Hangar-18 won by resignation"]

1. Nf3 f5 2. d3 Nf6 3. e4 fxe4 4.
dxe4 d6 5. Nc3 e5 6. h3 Be6 7.
Bg5 Qd7 8. Qd2 Nc6 9. O-O-O h6 10. Bxf6 gxf6 11. Nd5 Bg7 12. Nh4 h5 13. Kb1 O-O-O 14.
Bb5 Qe8 15. Nf5 Rg8 16. Nfe7+ Kd7 17. Nxg8 Qxg8 18. b3 a6 19. Bxc6+ bxc6 20. Nb4 a5 21. Nd3 a4 22. Nc5+ Ke7 23. Nxa4 Qh7 24. f3 Bh6 25. Qc3 c5 26. Nxc5 Bc8 27. a4 Bf4 28. a5 Qh6 29. a6 Be3 30. a7 Be6 31. Nxe6 Kxe6 32. Qc4+ Ke7 33. Qxc7+ Ke8 34. Qxd8+ Kxd8 35. a8=Q+ 1-0

[Event "*** SCC Grand Prix: Titled Tuesday Blitz"]
[Site "Chess.com"]
[Date "2020.08.04"]
[Round "6"]
[White "Hrant_ChessMood"]
[Black "Carnivoras"]
[Result "1-0"]
[WhiteElo "2861"]
[BlackElo "2630"]
[TimeControl "180+1"]
[EndTime "14:50:02 PDT"]
[Termination "Hrant_ChessMood won by resignation"]

1. d4 d5 2. c4 c6 3. Nc3 e6 4. e3 Nf6 5. Nf3 Nbd7 6. Bd3 dxc4 7. Bxc4 Bd6 8. e4 e5 9. dxe5 Nxe5 10. Nxe5 Bxe5 11.
Qxd8+ Kxd8 12. f3 Be6 13. Bxe6 fxe6 14. Be3 Kc7 15. Ke2 Rhd8 16. Rac1 b6 17. b4 Kb7 18.
Rc2 Ne8 19. Nb1 Nc7 20. Nd2 Nb5 21. Rhc1 Rac8 22. Nc4 Nd4+ 23. Bxd4 Bxd4 24. a4 e5 25. g3 g5 26. Nd2 b5 27. Nb3 Bb6 28. a5 Bd4 29. Rh1 Rc7 30. h4 Rg8 31. hxg5 Rxg5 32. g4 h5 33. Rxh5 Rxh5 34. gxh5 Rh7 35. Nxd4 exd4 36.
Rc5 Kc7 37. Kd3 Rd7 38. h6 Rh7 39. Rh5 c5 1-0

[Event "*** SCC Grand Prix: Titled Tuesday Blitz"]
[Site "Chess.com"]
[Date "2020.08.04"]
[Round "6"]
[White "SilviusTiberius"]
[Black "ketster"]
[Result "1-0"]
[WhiteElo "2514"]
[BlackElo "2385"]
[TimeControl "180+1"]
[EndTime "14:50:06 PDT"]
[Termination "SilviusTiberius won by resignation"]

1. e4 e5 2. Nf3 Nc6 3. Bb5 a6 4. Ba4 b5 5. Bb3 Nf6 6. O-O Be7 7. Re1 d6 8. c3 O-O 9. h3 Nd7 10. d4 Bf6 11. Be3 Na5 12. Bc2 Nc4 13. Bc1 c5 14. d5 g6 15. a4 Bb7 16. Bd3 Ncb6 17.
axb5 c4 18. Bf1 axb5 19. Na3 Ba6 20. Bh6 Bg7 21. Bxg7 Kxg7 22. Nc2 Na4 23. Qc1 Ndc5 24. Ra2 Nb3 25. Qe3 Nac5 26. Nd2 Bb7 27. Rxa8 Qxa8 28. Nxb3 Nxb3 29. Qb6 Qa6 30. Qxa6 Bxa6 31. Nb4 Bb7 32. g3 f5 33. f4 fxe4 34. fxe5 Nd2 35. Bg2 dxe5 36.
Bxe4 Rd8 37. Bg2 Kf6 38. Re2 Nb3 39. Rf2+ Ke7 40. d6+ Rxd6 41. Bxb7 Rd1+ 42. Kg2 Nc1 43. Bf3 Re1 44. Rf1 Re3 45. Nd5+ 1-0

[Event "*** SCC Grand Prix: Titled Tuesday Blitz"]
[Site "Chess.com"]
[Date "2020.08.04"]
[Round "6"]
[White "AndrewDGreen"]
[Black "GoltsevDmitry2000"]
[Result "0-1"]
[WhiteElo "2395"]
[BlackElo "2618"]
[TimeControl "180+1"]
[EndTime "14:50:09 PDT"]
[Termination "GoltsevDmitry2000 won by resignation"]

1. d4 c6 2. Nf3 d5 3. Bf4 Nf6 4. e3 Nbd7 5. c4 Nh5 6. Bg5 h6 7.
Bh4 g5 8. Nfd2 Nhf6 9. Bg3 e6 10. Nc3 Bb4 11. Qc2 a6 12. h3 b5 13. c5 Ba5 14. a3 Bc7 15. Bxc7 Qxc7 16. Bd3 e5 17. O-O O-O 18. b4 Re8 19. a4 Bb7 20. Nb3 e4 21. Be2 Nf8 22. Ra2 Ng6 23. Rfa1 h5 24. axb5 axb5 25.
Ra7 Rxa7 26. Rxa7 Ra8 27. Qa2 Qb8 28. Rxa8 Qxa8 29. Qxa8+ Bxa8 30. f3 exf3 31. gxf3 Ne7 32. Bd3 Bb7 33. Na5 Bc8 34. Kg2 Bd7 35. Ne2 g4 36.
hxg4 hxg4 37. f4 Kf8 38. Nb7 Bf5 39. Bxf5 Nxf5 40. Kf2 Ne4+ 41. Ke1 Nxe3 42. Nd8 Nc2+ 43. Kf1 Nxb4 44. Kg2 Ke7 45. Nb7 Nd3 46. Ng3 Nxg3 47.
Kxg3 b4 48. Na5 Kd7 49. Kxg4 Nc1 50. Kf5 b3 51. Nxb3 Nxb3 52. Kf6 Nxd4 53. Kxf7 Nb3 54. f5 Nxc5 55. f6 Ne4 56. Kg7 Nxf6 57. Kxf6 d4 0-1

[Event "*** SCC Grand Prix: Titled Tuesday Blitz"]
[Site "Chess.com"]
[Date "2020.08.04"]
[Round "6"]
[White "serena-maria"]
[Black "Manukyan_Artak"]
[Result "0-1"]
[WhiteElo "2250"]
[BlackElo "2442"]
[TimeControl "180+1"]
[EndTime "14:50:09 PDT"]
[Termination "Manukyan_Artak won on time"]

1. Nf3 d5 2. g3 c5 3. Bg2 Nc6 4. d4 Nf6 5. O-O Bf5 6. c4 dxc4 7. Qa4 Bd7 8. dxc5 Na5 9. Qb4 Nd5 10. Qe1 Nc6 11.
e4 Ndb4 12. Qc3 e6 13. Qxc4 Rc8 14. a3 Na6 15. b4 b6 16. Qxa6 bxc5 17. bxc5 Bxc5 18.
Bb2 O-O 19. Rd1 Qe7 20. Nbd2 Nb8 21. Qe2 Ba4 22. Rdc1 Rfd8 23. Nc4 Bb5 24. Nfd2 Nc6 25. Qg4 f6 26. Nf1 Nd4 27. Nce3 Nb3 28. Rab1 Nxc1 29.
Rxc1 Bb6 30. Rxc8 Rxc8 31. Nd5 Qf7 0-1

[Event "*** SCC Grand Prix: Titled Tuesday Blitz"]
[Site "Chess.com"]
[Date "2020.08.04"]
[Round "6"]
[White "dopolian"]
[Black "Mazetovic"]
[Result "0-1"]
[WhiteElo "2497"]
[BlackElo "2706"]
[TimeControl "180+1"]
[EndTime "14:50:13 PDT"]
[Termination "Mazetovic won on time"]

1. e4 c5 2. Nf3 Nc6 3. d4 cxd4 4. Nxd4 g6 5. c4 Bg7 6. Nc2 Nf6 7. Nc3 d6 8. Be2 Nd7 9. O-O Bxc3 10. bxc3 Nc5 11.
f3 f6 12. Bh6 Be6 13. Nd4 Bf7 14. Nb3 b6 15. Qd2 Rg8 16. Be3 Ne5 17. Qd4 Rc8 18.
f4 Ned7 19. Rad1 Qc7 20. g4 g5 21. fxg5 Ne6 22. Qd2 Nxg5 23. Bxg5 Rxg5 24. h4 Rg6 25. Nd4 Ne5 26. Qf4 Bxc4 27. Bxc4 Qxc4 28. g5 Qg8 29. Kh1 fxg5 30. Qf5 e6 31. Qh3 gxh4 32.
Qxh4 Qg7 33. Qh2 Rh6 34. Rg1 Rxh2+ 35. Kxh2 Qh6+ 36. Kg2 Rxc3 0-1

[Event "*** SCC Grand Prix: Titled Tuesday Blitz"]
[Site "Chess.com"]
[Date "2020.08.04"]
[Round "6"]
[White "maxip32"]
[Black "Zurability"]
[Result "1-0"]
[WhiteElo "2484"]
[BlackElo "2670"]
[TimeControl "180+1"]
[EndTime "14:50:14 PDT"]
[Termination "maxip32 won on time"]

1. e4 c5 2. Nf3 d6 3. d4 cxd4 4.
Nxd4 Nf6 5. Nc3 a6 6. Bg5 e6 7. f4 Be7 8. Qf3 Qc7 9. O-O-O Nbd7 10. g4 b5 11. Bxf6 Nxf6 12. g5 Nd7 13. a3 Bb7 14. h4 Nc5 15. f5 e5 16. Nb3 Rc8 17.
Nxc5 Qxc5 18. Rh2 b4 19. axb4 Qxb4 20. Nd5 Qa5 21. Kb1 Bd8 22. g6 f6 23. Qb3 Bc6 24. gxh7 Ba4 25. Qg3 Kf8 26. h5 Qc5 27. Bd3 Rxh7 28.
h6 Qa7 29. Rg1 Kg8 30. Qg6 1-0

[Event "*** SCC Grand Prix: Titled Tuesday Blitz"]
[Site "Chess.com"]
[Date "2020.08.04"]
[Round "6"]
[White "Filip_Covic"]
[Black "Koalaskakistis"]
[Result "0-1"]
[WhiteElo "2356"]
[BlackElo "2507"]
[TimeControl "180+1"]
[EndTime "14:50:14 PDT"]
[Termination "Koalaskakistis won on time"]

1. e4 e6 2. d4 d5 3. Nc3 Nf6 4. e5 Nfd7 5. Nce2 c5 6. c3 Nc6 7.
Nf3 f6 8. exf6 Qxf6 9. Bg5 Qf7 10. Bh4 Bd6 11. Ng5 Qg6 12. Ng3 cxd4 13. Bd3 Qh6 14. Qh5+ Qxh5 15. Nxh5 Nc5 16. Bxh7 dxc3 17. bxc3 Be5 18. O-O Kd7 19. Rae1 Bxc3 20. Re2 Nd4 21.
Re3 Bd2 22. Nxg7 Bxe3 23. fxe3 Ne2+ 24. Kf2 Nc3 25. Ke1 Kc6 26. Rf7 Bd7 27. Bg3 Raf8 28. Be5 Rxf7 29. Nxf7 Rxh7 30. Nd8+ Kb5 0-1

[Event "*** SCC Grand Prix: Titled Tuesday Blitz"]
[Site "Chess.com"]
[Date "2020.08.04"]
[Round "6"]
[White "Firouzja2003"]
[Black "OK97"]
[Result "1-0"]
[WhiteElo "3025"]
[BlackElo "2808"]
[TimeControl "180+1"]
[EndTime "14:50:15 PDT"]
[Termination "Firouzja2003 won by resignation"]

1. e4 g6 2. d4 Bg7 3. Nc3 d6 4. Be3 a6 5. h4 Nf6 6. f3 b5 7. Qd2 Nbd7 8. Nge2 Nb6 9. Ng3 h5 10. Bg5 Bb7 11. O-O-O Rc8 12. Kb1 c5 13. dxc5 Rxc5 14. Be3 Rc8 15. Bd4 O-O 16. Qf2 Nfd7 17. Bxg7 Kxg7 18.
Bd3 Rxc3 19. Qd4+ e5 20. Qxc3 Nc5 21. Ne2 Nba4 22. Qd2 d5 23. exd5 Qxd5 24. b3 Nb6 25. Qe3 Nxd3 26. Rxd3 Qe6 27. Nc3 Rc8 28. Rhd1 b4 29.
Rd6 Qf5 30. Qxb6 Rxc3 31. R1d2 Bc8 32. Qxb4 Rc7 33. Qb6 Rc3 34. R6d3 Rxd3 35. Rxd3 Qf4 36. Qf2 Bf5 37. Rc3 Qb4 38. Kb2 a5 39. a3 Qe7 40.
g3 Be6 41. Qc5 Qf6 42. Qxa5 1-0

[Event "*** SCC Grand Prix: Titled Tuesday Blitz"]
[Site "Chess.com"]
[Date "2020.08.04"]
[Round "6"]
[White "MichailovM"]
[Black "Fortitudine"]
[Result "1/2-1/2"]
[WhiteElo "2420"]
[BlackElo "2268"]
[TimeControl "180+1"]
[EndTime "14:50:15 PDT"]
[Termination "Game drawn by agreement"]

1. e4 c5 2. Nf3 d6 3. d4 cxd4 4. Nxd4 Nf6 5. Nc3 Nc6 6. Bg5 Bd7 7. Qd2 Rc8 8. O-O-O Nxd4 9. Qxd4 Qa5 10. Bd2 Qc5 11. Qxc5 Rxc5 12. f3 a6 13. g4 h6 14. h4 g6 15. Be3 Rc8 16. Bd4 e5 17. Be3 Be7 18. Be2 Kf8 19. Rhg1 Be6 20. g5 hxg5 21. hxg5 Nh5 22.
Nd5 Bxd5 23. Rxd5 Nf4 24. Bxf4 exf4 25. Kd2 Rh5 26. c4 Rc5 27. b4 Rxd5+ 28. exd5 Bxg5 29. c5 Be7 30. Bc4 dxc5 31. bxc5 Bxc5 32. Re1 Be3+ 33.
Kd3 Ke7 34. a4 b5 35. axb5 axb5 36. Bb3 Kd6 37. Ra1 Rh2 38. Ra6+ Ke7 39. d6+ Kd7 40. Bxf7 Rd2+ 41. Ke4 Rxd6 42. Be8+ Ke7 43. Rxd6 Kxd6 44.
Bxb5 Ke7 45. Bc4 Kf6 46. Bd3 g5 47. Be2 1/2-1/2

[Event "*** SCC Grand Prix: Titled Tuesday Blitz"]
[Site "Chess.com"]
[Date "2020.08.04"]
[Round "6"]
[White "ailime26"]
[Black "MasterKroket"]
[Result "0-1"]
[WhiteElo "1898"]
[BlackElo "2401"]
[TimeControl "180+1"]
[EndTime "14:50:17 PDT"]
[Termination "MasterKroket won on time"]

1. e4 c5 2. Nf3 e6 3. d4 cxd4 4. Nxd4 Nc6 5. Nc3 Qc7 6. Be3 a6 7. Be2 Nf6 8. O-O Bb4 9. Bd3 Ne5 10. f4 Neg4 11. Bd2 Bc5 12. Ne2 e5 13. fxe5 Qxe5 14. Bf4 Bxd4+ 15. Kh1 Qc5 16. Nxd4 Qxd4 17. e5 Nf2+ 18.
Rxf2 Qxf2 19. Bg3 Qd4 20. exf6 Qxf6 21. Qe2+ Qe6 22. Qf3 O-O 23. Re1 Qb6 24. Be5 d5 25.
Qh5 Qh6 26. Qf3 Be6 27. Bf4 Qf6 28. Qh5 g6 29. Qh6 Qg7 30. Qg5 f6 31. Qg3 Rfe8 32. c4 dxc4 33. Be4 Rad8 34. Bxb7 Qxb7 35. h3 Bd5 36.
Kh2 Rxe1 37. Qxe1 Qd7 38. Bg3 Qe6 39. Qa5 Re8 40. Qc7 Qe4 0-1

[Event "*** SCC Grand Prix: Titled Tuesday Blitz"]
[Site "Chess.com"]
[Date "2020.08.04"]
[Round "6"]
[White "tlomigtlis"]
[Black "Martins-BR"]
[Result "1-0"]
[WhiteElo "2425"]
[BlackElo "2223"]
[TimeControl "180+1"]
[EndTime "14:50:22 PDT"]
[Termination "tlomigtlis won by checkmate"]

1. d4 f5 2. g3 Nf6 3. Bg2 g6 4. c4 Bg7 5. Nc3 O-O 6. Nf3 d6 7.
O-O c6 8. d5 e5 9. dxe6 Bxe6 10. b3 Na6 11. Bb2 Qe7 12. Qd2 Rad8 13. Qe3 Rfe8 14.
Qxa7 Nc5 15. Nd4 Bf7 16. Rfe1 Ng4 17. Rad1 Nxf2 18. Kxf2 Bxd4+ 19. Rxd4 Qe3+ 20. Kf1 Qxd4 21. Na4 Qd2 22. Nxc5 dxc5 23. Bf6 Ra8 24. Qxb7 Rxa2 25. Qxc6 h5 26. Qxc5 f4 27. Bd5 fxg3 28. hxg3 Rf8 29. Bxf7+ Rxf7 30. Qc8+ Rf8 31. Qe6+ Rf7 32. Qe8+ Rf8 33.
Qxg6# 1-0

[Event "*** SCC Grand Prix: Titled Tuesday Blitz"]
[Site "Chess.com"]
[Date "2020.08.04"]
[Round "6"]
[White "Klavdia_Nik"]
[Black "ajdemipopushi"]
[Result "0-1"]
[WhiteElo "2012"]
[BlackElo "2262"]
[TimeControl "180+1"]
[EndTime "14:50:22 PDT"]
[Termination "ajdemipopushi won on time"]

1. Nf3 c5 2. c4 g6 3. d4 Bh6 4. Nc3 Bxc1 5. Rxc1 cxd4 6. Nxd4 Nc6 7. e4 Nf6 8. Be2 O-O 9. O-O d6 10. Qd2 Qa5 11. b3 Nxd4 12. Qxd4 Be6 13. f4 Rfc8 14. Bf3 Rab8 15. Rf2 Qc5 16. Rd1 a6 17. Qxc5 Rxc5 18. Nd5 Bxd5 19. exd5 b5 20. cxb5 axb5 21. Re2 Kf8 22.
Kf2 b4 23. g4 Rbb5 24. Red2 h6 25. Kg3 g5 26. f5 Rc3 27. Kf2 h5 28. h3 h4 29. Rd3 Rbc5 30. R3d2 Nd7 31. Be2 Rxh3 32. Bf1 Rhc3 33. Bg2 Ne5 0-1

[Event "*** SCC Grand Prix: Titled Tuesday Blitz"]
[Site "Chess.com"]
[Date "2020.08.04"]
[Round "6"]
[White "exoticprincess"]
[Black "Parhamov"]
[Result "0-1"]
[WhiteElo "2828"]
[BlackElo "3030"]
[TimeControl "180+1"]
[EndTime "14:50:25 PDT"]
[Termination "Parhamov won by resignation"]

1. d4 Nf6 2. c4 g6 3. Nf3 Bg7 4. g3 O-O 5. Bg2 d5 6. cxd5 Nxd5 7. O-O Nb6 8. e3 Nc6 9. Nc3 a5 10. d5 Nb4 11. e4 e6 12. Bg5 Qe8 13. Re1 Bd7 14. Rc1 Rc8 15. a3 Na6 16. Nd4 h6 17.
Be3 e5 18. Nb3 Nc4 19. Bf1 Nxe3 20. Rxe3 a4 21. Bxa6 bxa6 22. Nc5 h5 23. Nxd7 Qxd7 24. Qxa4 Qxa4 25. Nxa4 Bh6 26. Rc6 Bxe3 27. fxe3 Rfd8 28.
Nc5 Rd6 29. Rxa6 Rxa6 30. Nxa6 c6 31. b4 Kf8 32. Nc5 Ke7 33. Kf2 Kd6 34. dxc6 Kxc6 35. a4 g5 36. Ke2 h4 37. g4 Rd8 38. Nd3 f6 39. Kd2 Ra8 40. Nb2 h3 41. Kc3 Kb6 42.
Nc4+ Kc6 43. Na5+ Kc7 44. Kc2 Rh8 45. b5 Rh4 46. Nc4 Rxg4 47. a5 Rxe4 48. b6+ Kc6 0-1

[Event "*** SCC Grand Prix: Titled Tuesday Blitz"]
[Site "Chess.com"]
[Date "2020.08.04"]
[Round "6"]
[White "Mikhail_Golubev"]
[Black "Artur0208"]
[Result "0-1"]
[WhiteElo "2599"]
[BlackElo "2778"]
[TimeControl "180+1"]
[EndTime "14:50:29 PDT"]
[Termination "Artur0208 won by resignation"]

1. e4 e5 2. Nf3 Nc6 3. Nc3 Nf6 4. d4 exd4 5. Nxd4 Bb4 6. Nxc6 bxc6 7. Bd3 d5 8. Bd2 O-O 9. O-O Re8 10. Nxd5 cxd5 11.
Bxb4 Nxe4 12. f3 Nf6 13. Qd2 Rb8 14. Rfe1 Be6 15. b3 Nd7 16. Ba5 Nc5 17. Qc3 Nxd3 18.
cxd3 Rb7 19. Qd4 Qd6 20. Rac1 Rc8 21. Rc5 c6 22. Bc3 f6 23. b4 Re8 24. Ra5 Ree7 25. a4 Bf7 26. Ra6 Rxe1+ 27. Bxe1 Qe7 28.
Bc3 Be8 29. h3 h5 30. Ra5 Bg6 31. Kh1 Qe2 32. Rxd5 cxd5 33. Qxd5+ Rf7 34. b5 Qxd3 35. Qa8+ Kh7 36. Be1 Qf1+ 0-1

[Event "*** SCC Grand Prix: Titled Tuesday Blitz"]
[Site "Chess.com"]
[Date "2020.08.04"]
[Round "6"]
[White "ChessSwole"]
[Black "KuzubovYuriy"]
[Result "0-1"]
[WhiteElo "2396"]
[BlackElo "2837"]
[TimeControl "180+1"]
[EndTime "14:50:30 PDT"]
[Termination "KuzubovYuriy won by checkmate"]

1. e4 c5 2. Nf3 Nc6 3. d4 cxd4 4. Nxd4 Nf6 5. Nc3 e5 6. Ndb5 d6 7. Bg5 a6 8. Na3 b5 9. Bxf6 gxf6 10. Nd5 f5 11. g3 Bg7 12. Bg2 O-O 13. exf5 Bxf5 14. Ne3 Ne7 15. Nxf5 Nxf5 16. O-O Ra7 17. c3 Ne7 18.
Nc2 d5 19. a4 Rd7 20. Qd3 Qb6 21.
axb5 axb5 22. Nb4 e4 23. Qe2 f5 24. Ra6 Qb8 25. f4 d4 26. cxd4 Rxd4 27. Nc2 Rd3 28. Nb4 Rb3 29. Qd2 Qd8 30. Rd6 Qb8 31. Rd7 Rxb2 32. Qc1 Re8 33. Qc5 Qc8 34. Rc7 Qd8 35.
Kh1 Rxb4 36. Rc1 Rc4 37. Rxc4 Qd1+ 38. Qg1 Qxg1+ 39. Kxg1 bxc4 40. Rxc4 Rd8 41. Bf1 Kf8 42. Kf2 Rd2+ 43. Ke3 Rxh2 44. Rc7 Nd5# 0-1

[Event "*** SCC Grand Prix: Titled Tuesday Blitz"]
[Site "Chess.com"]
[Date "2020.08.04"]
[Round "6"]
[White "Roza_Idrisova"]
[Black "Lenyas66"]
[Result "0-1"]
[WhiteElo "2236"]
[BlackElo "2502"]
[TimeControl "180+1"]
[EndTime "14:50:31 PDT"]
[Termination "Lenyas66 won on time"]

1. d4 Nf6 2. Nf3 c5 3. d5 e6 4. c4 b5 5. e3 bxc4 6. Nc3 Ba6 7. e4 exd5 8. exd5 Bd6 9. Be3 O-O 10. Be2 Ng4 11. Bg5 Qc7 12. h3 Ne5 13. O-O Re8 14. Re1 h6 15. Nxe5 Bxe5 16. Be3 d6 17. Qc2 Nd7 18. Ne4 Rab8 19. Rab1 Nb6 20. a4 Nxd5 21. Bxc4 Bxc4 22. Qxc4 Nxe3 23. Rxe3 Rb4 24. Qc2 Reb8 25.
b3 c4 26. Nd2 Bf4 27. Rf3 Bxd2 28. Qxd2 cxb3 29. Rc3 Qb6 30. Rb2 a5 31. Qd5 Rd4 32.
Qxb3 Rb4 33. Qxb4 axb4 34. Rcb3 Qa5 35. Kh1 Qxa4 36. Kg1 d5 37. Kh2 d4 38. g3 Qa5 39.
Rd3 Qc5 40. Rbb3 Re8 41. h4 Re1 42. Rf3 Qc4 43. Rfd3 Qd5 44. Rf3 g5 45. hxg5 hxg5 46. g4 Qe4 47. Kg3 Qe5+ 48. Kg2 Re4 49. Rxb4 Rxg4+ 0-1

[Event "*** SCC Grand Prix: Titled Tuesday Blitz"]
[Site "Chess.com"]
[Date "2020.08.04"]
[Round "6"]
[White "Rodalquilar"]
[Black "Kavyev_Ruslan"]
[Result "1-0"]
[WhiteElo "2638"]
[BlackElo "2398"]
[TimeControl "180+1"]
[EndTime "14:50:33 PDT"]
[Termination "Rodalquilar won by resignation"]

1. d4 Nf6 2. Bf4 c5 3. e3 Qb6 4. Nc3 cxd4 5. exd4 a6 6. Rb1 d5 7. Nf3 Bg4 8. Be2 Nc6 9. O-O e6 10. Ne5 Bxe2 11. Nxe2 Be7 12. c3 O-O 13. Ng3 Nxe5 14. dxe5 Nd7 15. Nh5 Rfc8 16. Qg4 Bf8 17. Nf6+ Nxf6 18.
exf6 g6 19. Be5 h5 20. Qg5 Rc4 21. Bd4 Qc7 22. Rfe1 Kh7 23. Re3 Bh6 24. Qg3 Qxg3 25. Rxg3 b5 26. a3 a5 27. Ra1 b4 28. axb4 a4 29.
Rd3 Bf4 30. g3 Bd6 31. f4 h4 32. b3 Rcc8 33. Rxa4 Rab8 34. Rd1 g5 35. fxg5 hxg3 36. hxg3 Kg6 37. Kg2 Kxg5 38. Rf1 Rg8 39. Ra7 Rbf8 40. Bc5 Bxc5 41. bxc5 Kg6 42. b4 Rd8 43. c6 d4 44.
cxd4 Rxd4 45. b5 Rb4 46. Rb7 Rd8 47. c7 Rc8 48. b6 Rb2+ 49. Rf2 Rb5 50. Rb8 1-0

[Event "*** SCC Grand Prix: Titled Tuesday Blitz"]
[Site "Chess.com"]
[Date "2020.08.04"]
[Round "6"]
[White "Andreikka"]
[Black "hansen"]
[Result "0-1"]
[WhiteElo "2854"]
[BlackElo "3009"]
[TimeControl "180+1"]
[EndTime "14:50:34 PDT"]
[Termination "hansen won on time"]

1. c4 e5 2. Nc3 Nf6 3. Nf3 Nc6 4. e4 Bb4 5. d3 d6 6. a3 Bxc3+ 7. bxc3 Nd7 8. g3 O-O 9. Bg2 Nc5 10. Nh4 a6 11. a4 Ne7 12. Be3 b6 13. O-O a5 14. f4 exf4 15. gxf4 f5 16. e5 Rb8 17. exd6 Qxd6 18. Bd4 Ne6 19. Be5 Qd7 20. Ra2 Rf7 21.
Re2 Nc5 22. d4 Ne4 23. Bxe4 fxe4 24. Rxe4 Qh3 25. Qe1 Nf5 26. Nxf5 Qxf5 27. d5 Qg6+ 28.
Qg3 Qxe4 29. Re1 Qg6 0-1

[Event "*** SCC Grand Prix: Titled Tuesday Blitz"]
[Site "Chess.com"]
[Date "2020.08.04"]
[Round "6"]
[White "FMOlexandrProhorov"]
[Black "vesalhamedinia"]
[Result "0-1"]
[WhiteElo "2108"]
[BlackElo "2283"]
[TimeControl "180+1"]
[EndTime "14:50:34 PDT"]
[Termination "vesalhamedinia won by resignation"]

1. Nf3 d5 2. d4 c6 3. c4 Nf6 4.
cxd5 cxd5 5. Nc3 Nc6 6. Bf4 a6 7. e3 Bf5 8. Bd3 Bxd3 9. Qxd3 e6 10. O-O Be7 11. Rfc1 O-O 12. Ne5 Nxe5 13. Bxe5 Nd7 14.
Bg3 Rc8 15. a3 b5 16. Ne2 Qb6 17. Qb3 a5 18. Nf4 b4 19. axb4 axb4 20. Nd3 h6 21. Ne5 Nxe5 22. Bxe5 Qb7 23. h3 Rxc1+ 24. Rxc1 Rc8 25. Qd1 Qa6 26. Rxc8+ Qxc8 27. Kh2 Qc4 28.
Qa4 Qc8 29. Qa7 Bh4 30. g3 Bd8 31. Qb8 Qxb8 32. Bxb8 Be7 33. b3 Kf8 34. Kg2 Ke8 35. Kf3 Kd7 36. Ke2 Kc6 37. Kd3 Kb7 38. Bf4 g5 39.
Be5 f6 40. f4 fxe5 41. dxe5 Kc6 42. g4 Bf8 43. f5 exf5 44. gxf5 h5 45. e4 g4 46.
hxg4 hxg4 47. exd5+ Kxd5 48. e6 Ke5 49. Ke3 Kxf5 0-1

[Event "*** SCC Grand Prix: Titled Tuesday Blitz"]
[Site "Chess.com"]
[Date "2020.08.04"]
[Round "6"]
[White "wild_cat99"]
[Black "Char_dasha"]
[Result "0-1"]
[WhiteElo "2643"]
[BlackElo "2417"]
[TimeControl "180+1"]
[EndTime "14:50:35 PDT"]
[Termination "Char_dasha won by checkmate"]

1. Nf3 Nf6 2. c4 e6 3. e3 b6 4. b3 Bb7 5. Bb2 Be7 6. Nc3 O-O 7. g3 d5 8. Bg2 c5 9. O-O Nc6 10. Nh4 d4 11. exd4 cxd4 12. Ne2 Qd7 13. d3 Rad8 14. f4 Ng4 15. Bc1 Ne3 16. Bxe3 dxe3 17. d4 Nxd4 18. Nxd4 Bxg2 19. Kxg2 Qxd4 20. Qxd4 Rxd4 21. Nf3 Re4 22. Rfe1 e2 23. a3 Rd8 24. Ra2 Re3 25. b4 a5 26.
Ne5 Rc8 27. Kf2 Rb3 28. Rexe2 axb4 29. axb4 Bxb4 30. Nd7 Rd8 31. Ra7 h6 32. Kg2 Bc5 33. Nxc5 bxc5 34. Rc7 Rd4 35. Rc8+ Kh7 36. Rc2 Rbd3 37.
Kf1 Rd1+ 38. Ke2 Rh1 39. Ke3 Rdd1 40. Rxc5 Rde1+ 41. Kd4 Rd1+ 42. Ke5 Rhe1+ 43. Re2 Rxe2# 0-1